[Event "*** Titled Tuesday Blitz"]
[Site "Chess.com"]
[Date "2021.04.20"]
[Round "7"]
[White "Jenia84"]
[Black "Legendinunknown"]
[Result "0-1"]
[WhiteElo "2410"]
[BlackElo "2585"]
[TimeControl "180+1"]
[EndTime "11:13:04 PDT"]
[Termination "Legendinunknown won by resignation"]

1. e4 e5 2. Nf3 Nc6 3. Bb5 a6 4.
Ba4 d6 5. O-O Bg4 6. h3 h5 7. c3 Qf6 8. d4 b5 9. d5 bxa4 10.
Qxa4 Ne7 11. Bg5 Qg6 12. hxg4 hxg4 13. Nbd2 gxf3 14. Nxf3 Qh5 15. Bh4 g5 16. dxc6 gxh4 17. Rfd1 h3 18. Rxd6 hxg2 0-1

[Event "*** Titled Tuesday Blitz"]
[Site "Chess.com"]
[Date "2021.04.20"]
[Round "7"]
[White "WiktoriaPOL"]
[Black "kinga2008"]
[Result "1-0"]
[WhiteElo "2058"]
[BlackElo "2188"]
[TimeControl "180+1"]
[EndTime "11:13:08 PDT"]
[Termination "WiktoriaPOL won by checkmate"]

1. e4 c5 2. d4 Nc6 3. d5 Ne5 4. f4 Ng6 5. Nf3 e6 6. d6 Nf6 7. e5 Nd5 8. g3 h5 9. c4 Nb4 10. a3 Nc6 11. h4 f6 12. Nc3 fxe5 13. fxe5 Ngxe5 14. Nxe5 Nxe5 15. Nb5 Rb8 16. Nc7+ Kf7 17. Bg5 Be7 18. Bxe7 Qg8 19. Qe2 Ng4 20. Qf3+ Kg6 21. Bd3+ Kh6 22. Bg5# 1-0

[Event "*** Titled Tuesday Blitz"]
[Site "Chess.com"]
[Date "2021.04.20"]
[Round "7"]
[White "KacperPolOK"]
[Black "UKR_Master"]
[Result "0-1"]
[WhiteElo "2359"]
[BlackElo "2483"]
[TimeControl "180+1"]
[EndTime "11:13:14 PDT"]
[Termination "UKR_Master won by checkmate"]

1. e4 c6 2. d4 d5 3. Nc3 dxe4 4. Nxe4 Nf6 5. Nxf6+ exf6 6. c3 Bd6 7. Bd3 Na6 8. Qc2 h5 9. Ne2 Nc7 10. Be3 g6 11.
O-O-O Be6 12. Nf4 Bxf4 13. Bxf4 Nd5 14. Bd2 b5 15. Rde1 Qd7 16. Kb1 Kf8 17. Bxg6 fxg6 18. Ka1 Bf7 19. h4 Re8 20. f3 Kg7 21. g4 Rxe1+ 22. Rxe1 Re8 23. Rg1 hxg4 24. fxg4 Qe6 25. h5 Nb4 26. cxb4 Qxa2# 0-1

[Event "*** Titled Tuesday Blitz"]
[Site "Chess.com"]
[Date "2021.04.20"]
[Round "7"]
[White "Nara_Kh"]
[Black "tusplingher"]
[Result "0-1"]
[WhiteElo "2429"]
[BlackElo "2273"]
[TimeControl "180+1"]
[EndTime "11:13:14 PDT"]
[Termination "tusplingher won by resignation"]

1. e4 c5 2. f4 g6 3. Nf3 Nc6 4. Bc4 Bg7 5. O-O e6 6. d3 d5 7. exd5 exd5 8. Re1+ Nge7 9. Bb3 O-O 10. c3 Bg4 11.
Be3 d4 12. Bf2 b5 13. h3 Bf5 14. g4 Be6 15. Rxe6 fxe6 16. Bxe6+ Kh8 17. Bg3 Nd5 18. f5 Ne3 19. Qe2 gxf5 20. cxd4 Nxd4 21. Qxe3 fxg4 22. Ng5 Qxg5 0-1

[Event "*** Titled Tuesday Blitz"]
[Site "Chess.com"]
[Date "2021.04.20"]
[Round "7"]
[White "Frogo47"]
[Black "zurzan"]
[Result "1-0"]
[WhiteElo "2541"]
[BlackElo "1997"]
[TimeControl "180+1"]
[EndTime "11:13:18 PDT"]
[Termination "Frogo47 won by resignation"]

1. e4 Nf6 2. e5 Nd5 3. d4 d6 4. c4 Nb6 5. f4 dxe5 6. fxe5 Nc6 7. Be3 Bf5 8. Nc3 e6 9. Nf3 Be7 10. Be2 O-O 11. O-O f6 12. exf6 Bxf6 13. Qd2 Qe8 14. Kh1 Rd8 15. Rad1 e5 16. d5 e4 17. Nd4 Bg6 18. Ne6 Bxc3 19. Rxf8+ Qxf8 20. Qxc3 Qf6 21. Qxf6 gxf6 22. Bxb6 axb6 23. dxc6 Rxd1+ 24. Bxd1 bxc6 25. Kg1 b5 26. cxb5 cxb5 27. Nxc7 b4 28. Nd5 b3 29.
Bxb3 Kg7 30. Kf2 f5 31. Ke3 Kh6 32. a4 Kg5 33. Nf4 Be8 34. a5 Bb5 35. Bd1 Ba6 36. Be2 Bb7 37. a6 Ba8 38. b4 h6 39. b5 Kf6 40. b6 1-0

[Event "*** Titled Tuesday Blitz"]
[Site "Chess.com"]
[Date "2021.04.20"]
[Round "7"]
[White "VinzentSpitzl"]
[Black "AungTZ"]
[Result "1-0"]
[WhiteElo "2426"]
[BlackElo "2152"]
[TimeControl "180+1"]
[EndTime "11:13:50 PDT"]
[Termination "VinzentSpitzl won by resignation"]

1. Nf3 d5 2. d4 e6 3. g3 Nf6 4.
Bg2 Be7 5. O-O c5 6. c4 O-O 7. cxd5 Nxd5 8. Nc3 Nxc3 9. bxc3 Nc6 10. Bf4 Bf6 11.
dxc5 Qa5 12. Bd6 Rd8 13. Qb3 Qxc3 14. Rab1 Na5 15. Qxc3 Bxc3 16. Rfc1 Bf6 17. e4 Nc6 18. e5 Be7 19. Nd4 Nxd4 20. Bxe7 Re8 21. Rd1 Rxe7 22. Rxd4 g6 23. Rd8+ Kg7 24. c6 Rb8 25. cxb7 1-0

[Event "*** Titled Tuesday Blitz"]
[Site "Chess.com"]
[Date "2021.04.20"]
[Round "7"]
[White "zmeeed67"]
[Black "elcandado"]
[Result "1-0"]
[WhiteElo "2524"]
[BlackElo "2637"]
[TimeControl "180+1"]
[EndTime "11:13:56 PDT"]
[Termination "zmeeed67 won by resignation"]

1. d4 Nf6 2. c4 e6 3. Nc3 Bb4 4. f3 c5 5. d5 b5 6. e4 bxc4 7. Bxc4 Ba6 8. Bxa6 Nxa6 9. Ne2 O-O 10. O-O exd5 11.
Nxd5 Nxd5 12. Qxd5 Ba5 13. Be3 Bb6 14. Qc4 Qc8 15.
Rad1 Rb8 16. Ng3 g6 17. Bh6 Re8 18. Qc3 c4+ 19. Kh1 1-0

[Event "*** Titled Tuesday Blitz"]
[Site "Chess.com"]
[Date "2021.04.20"]
[Round "7"]
[White "shnitez"]
[Black "DrMamaliga"]
[Result "1-0"]
[WhiteElo "2516"]
[BlackElo "2355"]
[TimeControl "180+1"]
[EndTime "11:13:59 PDT"]
[Termination "shnitez won by resignation"]

1. c4 g6 2. Nc3 Bg7 3. Nf3 c5 4.
e3 Nc6 5. d4 cxd4 6. exd4 d6 7.
h3 Nf6 8. d5 Nb8 9. Be3 O-O 10.
Be2 Nbd7 11. O-O a6 12. Qd2 Qc7 13. Rac1 Nc5 14. Bh6 Bf5 15. Bxg7 Kxg7 16. Nd4 Bd7 17. Qe3 Rfe8 18. b3 Rac8 19. f4 Qa5 20. f5 b5 21. cxb5 axb5 22. Bxb5 Bxb5 23. Ndxb5 Nxd5 24. Qd4+ Nf6 25. fxg6 hxg6 26. b4 Qb6 27. bxc5 1-0

[Event "*** Titled Tuesday Blitz"]
[Site "Chess.com"]
[Date "2021.04.20"]
[Round "7"]
[White "wonderfultime"]
[Black "DeTimmerman"]
[Result "1-0"]
[WhiteElo "2972"]
[BlackElo "2828"]
[TimeControl "180+1"]
[EndTime "11:14:01 PDT"]
[Termination "wonderfultime won by resignation"]

1. d4 Nf6 2. Nf3 e6 3. Bf4 d5 4. e3 Bd6 5. Nbd2 O-O 6. c3 b6 7. Bd3 Bb7 8. O-O Ne4 9. a4 a5 10. Qc2 f5 11. c4 Nd7 12. cxd5 exd5 13. Bxd6 Nxd6 14. Rac1 Rc8 15. Qc3 Qe7 16. Qa3 Kf7 17.
b4 Ne4 18. Rb1 Nxd2 19. Nxd2 axb4 20. Rxb4 Ra8 21. Rc1 Rfc8 22. Bxf5 g6 23. Bxd7 Qxd7 24. Nf3 Qd6 25. Qb2 Ra5 26. h3 Rca8 27. Qc3 c5 28.
Rbb1 c4 29. e4 dxe4 30. Ne5+ Rxe5 31. dxe5 Qc6 32. Qxc4+ 1-0

[Event "*** Titled Tuesday Blitz"]
[Site "Chess.com"]
[Date "2021.04.20"]
[Round "7"]
[White "manitodeplomo"]
[Black "vovachesss"]
[Result "1-0"]
[WhiteElo "2589"]
[BlackElo "2687"]
[TimeControl "180+1"]
[EndTime "11:14:09 PDT"]
[Termination "manitodeplomo won by resignation"]

1. d4 Nf6 2. c4 d6 3. Nc3 Bf5 4. e4 Nxe4 5. Qf3 Nxc3 6. Qxf5 Na4 7. Qb5+ Qd7 8. Qxb7 Nb6 9. c5 dxc5 10. dxc5 Nc6 11.
Bb5 Rb8 12. Qxc6 1-0

[Event "*** Titled Tuesday Blitz"]
[Site "Chess.com"]
[Date "2021.04.20"]
[Round "7"]
[White "Sadykov_Ramil"]
[Black "TheRealPeakyBlinder"]
[Result "0-1"]
[WhiteElo "2487"]
[BlackElo "2648"]
[TimeControl "180+1"]
[EndTime "11:14:13 PDT"]
[Termination "TheRealPeakyBlinder won by resignation"]

1. e4 e6 2. d4 d5 3. Nc3 h6 4. Nf3 Nf6 5. e5 Ne4 6. Bd3 Bb4 7. O-O Nxc3 8. bxc3 Bxc3 9. Rb1 a5 10.
Ba3 Nc6 11. Bb5 Bd7 12. Qd3 Bb4 13. Bxc6 Bxc6 14. Bxb4 axb4 15. Rxb4 Rxa2 16. Qb3 Qa8 17. Ne1 O-O 18. f4 Qa3 19. Rf3 Qc1 20. Qxa2 Qxe1+ 21. Rf1 Qxb4 0-1

[Event "*** Titled Tuesday Blitz"]
[Site "Chess.com"]
[Date "2021.04.20"]
[Round "7"]
[White "ukchessbomber"]
[Black "Kildepiotr"]
[Result "1-0"]
[WhiteElo "2531"]
[BlackElo "2634"]
[TimeControl "180+1"]
[EndTime "11:14:13 PDT"]
[Termination "ukchessbomber won by resignation"]

1. Nf3 g6 2. g3 Bg7 3. Bg2 d5 4.
O-O Nf6 5. b3 Ne4 6. d4 O-O 7.
Bb2 c5 8. Nbd2 Nc6 9. e3 a5 10. Nxe4 dxe4 11. Ne5 cxd4 12. Nxc6 bxc6 13. Bxd4 Bxd4 14.
exd4 f5 15. c4 Qd6 16. Qd2 e5 17. Rfd1 Rd8 18. c5 Qe7 19. Qc3 exd4 20. Rxd4 Be6 21. Rad1 Bd5 22. Bf1 a4 23. Bc4 Qxc5 24. b4 Qe7 25. Rxd5 cxd5 26. Rxd5 1-0

[Event "*** Titled Tuesday Blitz"]
[Site "Chess.com"]
[Date "2021.04.20"]
[Round "7"]
[White "leopato"]
[Black "FeketeBarika"]
[Result "1-0"]
[WhiteElo "2128"]
[BlackElo "2240"]
[TimeControl "180+1"]
[EndTime "11:14:15 PDT"]
[Termination "leopato won by resignation"]

1. d4 e6 2. e4 d5 3. Nd2 Ne7 4. Ngf3 c5 5. c3 Nbc6 6. e5 cxd4 7. cxd4 Qb6 8. Bd3 Nb4 9. Be2 Nbc6 10. Nb3 Nf5 11. O-O Be7 12. Re1 O-O 13. Bd3 Nh4 14. Ng5 Bxg5 15. Bxg5 Ng6 16. Qg4 Bd7 17. Rad1 Rac8 18.
Re3 f6 19. exf6 gxf6 20. Bh6 f5 21. Qh5 Rf7 22. Rg3 Ne7 23. Nc5 Be8 24. Qe2 Rc6 25. h4 Kh8 26. h5 Nf8 27. Qe5+ 1-0

[Event "*** Titled Tuesday Blitz"]
[Site "Chess.com"]
[Date "2021.04.20"]
[Round "7"]
[White "akanga001"]
[Black "misterlamine"]
[Result "0-1"]
[WhiteElo "1990"]
[BlackElo "2249"]
[TimeControl "180+1"]
[EndTime "11:14:24 PDT"]
[Termination "misterlamine won by resignation"]

1. e4 c5 2. Nc3 d6 3. d4 cxd4 4. Qxd4 Nc6 5. Qd2 Nf6 6. b3 g6 7. Bb2 Bg7 8. O-O-O O-O 9. f3 a5 10. g4 a4 11. g5 a3 12. Ba1 Nd7 13. Nge2 Nde5 14. f4 Ng4 15. Ng3 Qb6 16. Nd5 Bb2+ 17. Bxb2 axb2+ 18. Kxb2 Qa7 19. a4 Nf2 20. Bb5 Nxh1 21.
Rxh1 Be6 22. Nc7 Rac8 23. Nxe6 fxe6 24. Bxc6 Rxc6 25. h4 Rfc8 26. Rc1 b5 27. axb5 Rc3 28. Ra1 Qc5 29. Rc1 Rxg3 30. f5 Qe5+ 31. Kb1 Ra8 32. c3 Qxe4+ 33. Kb2 Qxf5 34. Rc2 Qc5 0-1

[Event "*** Titled Tuesday Blitz"]
[Site "Chess.com"]
[Date "2021.04.20"]
[Round "7"]
[White "federicosellitti"]
[Black "RobertoJBM"]
[Result "1-0"]
[WhiteElo "2609"]
[BlackElo "2716"]
[TimeControl "180+1"]
[EndTime "11:14:28 PDT"]
[Termination "federicosellitti won by resignation"]

1. e4 c6 2. d4 d5 3. exd5 cxd5 4. Bd3 Nc6 5. c3 Nf6 6. Bf4 Bg4 7. Nf3 e6 8. Nbd2 Bd6 9. Bxd6 Qxd6 10. O-O O-O 11.
Qe1 Nd7 12. Ng5 h6 13. f3 Bf5 14. Bxf5 exf5 15. Nh3 Rfe8 16. Qh4 Re2 17. Rf2 Rae8 18. Ne4 R2xe4 19. fxe4 Rxe4 20. Qg3 Qxg3 21. hxg3 g6 22.
Nf4 Nf6 23. Re2 Kf8 24. Rae1 Nd8 25. Nd3 Ne6 26. Nf2 Rxe2 27. Rxe2 Ne4 28. Nxe4 fxe4 29.
c4 f5 30. cxd5 Nxd4 31. Rd2 Nb5 32. d6 Ke8 33. a4 1-0

[Event "*** Titled Tuesday Blitz"]
[Site "Chess.com"]
[Date "2021.04.20"]
[Round "7"]
[White "OlegKrivonosov"]
[Black "GMSrinath"]
[Result "1/2-1/2"]
[WhiteElo "2635"]
[BlackElo "2840"]
[TimeControl "180+1"]
[EndTime "11:14:31 PDT"]
[Termination "Game drawn by agreement"]

1. Nf3 c5 2. c4 Nc6 3. d4 cxd4 4.
Nxd4 Nf6 5. Nc3 e6 6. Bf4 d5 7. cxd5 Nxd5 8. Nxc6 bxc6 9. Bd2 Be7 10.
e4 Nb6 11. Be3 O-O 12. Qxd8 Rxd8 13. Be2 e5 14. O-O Be6 15. Rfd1 Nc4 16. Bxc4 Bxc4 17.
f3 Be6 18. b3 c5 19. Rac1 c4 20. bxc4 Bxc4 21. Nd5 Bxd5 22. Rxd5 Rxd5 23. exd5 Rd8 24.
Bxa7 Rxd5 25. Rc8+ Bf8 26. a4 1/2-1/2

[Event "*** Titled Tuesday Blitz"]
[Site "Chess.com"]
[Date "2021.04.20"]
[Round "7"]
[White "ferch1ni"]
[Black "politeplayer"]
[Result "0-1"]
[WhiteElo "2402"]
[BlackElo "2253"]
[TimeControl "180+1"]
[EndTime "11:14:34 PDT"]
[Termination "politeplayer won by resignation"]

1. e4 e6 2. Nf3 d5 3. exd5 exd5 4. d4 Bd6 5. Be2 Nf6 6. O-O h6 7. c4 dxc4 8. Bxc4 O-O 9. Nbd2 Bg4 10. h3 Bh5 11. Qb3 Nbd7 12. Qxb7 Nb6 13. Bb3 a5 14. a3 a4 15. Ba2 Qd7 16. Ne5 Bxe5 17. dxe5 Rfb8 18. Qxb8+ Rxb8 19. exf6 gxf6 20. Ne4 Kg7 21.
Be3 Re8 22. Nc5 Qf5 23. g4 Bxg4 24. hxg4 Qxg4+ 25. Kh2 Re5 26. Rg1 0-1

[Event "*** Titled Tuesday Blitz"]
[Site "Chess.com"]
[Date "2021.04.20"]
[Round "7"]
[White "JelenaKarleusa-SO-18"]
[Black "AniJak"]
[Result "1-0"]
[WhiteElo "2660"]
[BlackElo "2278"]
[TimeControl "180+1"]
[EndTime "11:14:35 PDT"]
[Termination "JelenaKarleusa-SO-18 won by resignation"]

1. d4 d5 2. Nf3 Nf6 3. Bf4 e6 4. e3 Bd6 5. Bg3 O-O 6. Bd3 c5 7. Ne5 Nc6 8. c3 cxd4 9. exd4 Qb6 10. Nxc6 Qxc6 11. Nd2 Bd7 12. Qe2 a6 13. Nf3 b5 14.
Ne5 Bxe5 15. Bxe5 Ne4 16. f3 Nd6 17. O-O Rac8 18. Rae1 Rfe8 19. Qd2 f6 20. Bg3 Nc4 21. Qc1 Nd6 22. h4 b4 23. cxb4 Qb6 24. Qd2 Qxd4+ 25. Bf2 1-0

[Event "*** Titled Tuesday Blitz"]
[Site "Chess.com"]
[Date "2021.04.20"]
[Round "7"]
[White "GrigoriyM2001"]
[Black "maximych26"]
[Result "1-0"]
[WhiteElo "2561"]
[BlackElo "2275"]
[TimeControl "180+1"]
[EndTime "11:14:35 PDT"]
[Termination "GrigoriyM2001 won by resignation"]

1. d4 Nf6 2. c4 c5 3. d5 b5 4.
cxb5 a6 5. bxa6 Bxa6 6. Nc3 d6 7. Nf3 g6 8. g3 Bg7 9. Bg2 O-O 10. O-O Bb7 11. Rb1 Nfd7 12. Qc2 Nb6 13. Rd1 Nc4 14. Nd2 Nb6 15. b3 Bxc3 16. Qxc3 Nxd5 17. Qb2 Qc8 18. Nc4 Nb4 19. Bxb7 Qxb7 20. a3 N4c6 21. Bh6 f6 22. Bxf8 Kxf8 23. Nxd6 exd6 24. Qxf6+ Kg8 25. Rxd6 Rxa3 26.
Rbd1 Qe7 27. Rd8+ Nxd8 28. Rxd8+ Qxd8 29. Qxd8+ Kf7 30. Qxb8 1-0

[Event "*** Titled Tuesday Blitz"]
[Site "Chess.com"]
[Date "2021.04.20"]
[Round "7"]
[White "ri4mi"]
[Black "Piccadilly123"]
[Result "1-0"]
[WhiteElo "2352"]
[BlackElo "2228"]
[TimeControl "180+1"]
[EndTime "11:14:39 PDT"]
[Termination "ri4mi won by resignation"]

1. e4 g6 2. d4 Bg7 3. Nc3 c5 4. dxc5 Bxc3+ 5. bxc3 Qa5 6. Bd2 Qxc5 7. Bd3 Nf6 8. Ne2 O-O 9. O-O d6 10. Be3 Qc7 11.
Rb1 b6 12. h3 Bb7 13. f3 Nbd7 14. Rb3 Rfc8 15. Ng3 Nc5 16. Rb1 Na4 17. Qe1 Qxc3 18. Qf2 Nc5 19. Bb5 a6 20. Bd4 Qa5 21. Bc4 e5 22.
Be3 b5 23. Bb3 Nxb3 24. axb3 Qc3 25. Rfc1 a5 26. Ne2 Qc6 27. Qh4 d5 28. Bg5 Nd7 29. exd5 Qxd5 30. Rd1 Qe6 31. Rd2 f6 32. Be3 Rd8 33.
Rbd1 Nb6 34. Rxd8+ Rxd8 35. Rxd8+ Kg7 36. Qh6+ 1-0

[Event "*** Titled Tuesday Blitz"]
[Site "Chess.com"]
[Date "2021.04.20"]
[Round "7"]
[White "elextranjero00"]
[Black "attack2mateU"]
[Result "0-1"]
[WhiteElo "2572"]
[BlackElo "2702"]
[TimeControl "180+1"]
[EndTime "11:14:41 PDT"]
[Termination "attack2mateU won by resignation"]

1. d4 Nf6 2. c4 g6 3. Nc3 d5 4. cxd5 Nxd5 5. e4 Nxc3 6. bxc3 Bg7 7. Be3 c5 8. Rc1 O-O 9. Qd2 Qa5 10. h4 Rd8 11.
Nf3 cxd4 12. cxd4 Qxd2+ 13. Nxd2 Nc6 14. d5 Nb4 15. a3 Na2 16. Rc7 Be5 17. Rc2 Nc3 18.
Bd3 Bd7 19. f4 Bg7 20. Kf2 Ba4 21. Rcc1 e6 22. h5 exd5 23. e5 d4 24. Bxd4 Rxd4 25. Rxc3 Rxf4+ 26. Nf3 Bxe5 27. Rc4 Rxc4 28. Bxc4 Bf6 29.
Rb1 b6 0-1

[Event "*** Titled Tuesday Blitz"]
[Site "Chess.com"]
[Date "2021.04.20"]
[Round "7"]
[White "platy3"]
[Black "RzayevB"]
[Result "1-0"]
[WhiteElo "2843"]
[BlackElo "2621"]
[TimeControl "180+1"]
[EndTime "11:14:42 PDT"]
[Termination "platy3 won by resignation"]

1. e4 c5 2. Nf3 a6 3. Nc3 b5 4. d4 cxd4 5. Nxd4 Bb7 6. Bd3 Nc6 7. Nxc6 Bxc6 8. O-O e6 9. Qe2 d6 10. a4 b4 11. Nd5 a5 12. Bb5 Rc8 13. Be3 exd5 14.
Bxc6+ Rxc6 15. exd5 Rc7 16. Bb6+ Be7 17. Qb5+ Kf8 18. Qxa5 Nf6 19. Bxc7 Qc8 20. Bb6 Qb7 21. Rfd1 h5 22. Bd4 Nxd5 23. Qxd5 Qxd5 24. Bxg7+ Kxg7 25.
Rxd5 Rc8 26. a5 1-0

[Event "*** Titled Tuesday Blitz"]
[Site "Chess.com"]
[Date "2021.04.20"]
[Round "7"]
[White "Ermito2020"]
[Black "chessdjw"]
[Result "0-1"]
[WhiteElo "2599"]
[BlackElo "2745"]
[TimeControl "180+1"]
[EndTime "11:14:42 PDT"]
[Termination "chessdjw won by resignation"]

1. e4 e5 2. Nf3 Nc6 3. d4 exd4 4. Bc4 Bc5 5. c3 Nf6 6. e5 d5 7.
Bb5 Ne4 8. cxd4 Bb6 9. Nc3 O-O 10. Be3 Bg4 11. h3 Bh5 12. Qc2 Nxc3 13. bxc3 f6 14. Bxc6 Bxf3 15. gxf3 bxc6 16. f4 fxe5 17. fxe5 Qh4 18.
Qe2 Ba5 19. Kd2 c5 20. Rhg1 cxd4 21. Bg5 dxc3+ 22. Kc2 Qa4+ 23. Kc1 Bb4 24. Qc2 Ba3+ 25. Kd1 Qd4+ 26. Ke1 Qxe5+ 27. Kf1 Bc5 28. Rg2 Bxf2 29. Rxf2 Rxf2+ 30. Kxf2 Qh2+ 0-1

[Event "*** Titled Tuesday Blitz"]
[Site "Chess.com"]
[Date "2021.04.20"]
[Round "7"]
[White "Flopezin"]
[Black "twitchTriniCupid"]
[Result "1-0"]
[WhiteElo "2347"]
[BlackElo "2214"]
[TimeControl "180+1"]
[EndTime "11:14:42 PDT"]
[Termination "Flopezin won by resignation"]

1. c4 e5 2. Nc3 Nc6 3. Nf3 Bb4 4. Nd5 Be7 5. Nxe7 Qxe7 6. d4 exd4 7. Nxd4 d6 8. Nxc6 bxc6 9. g3 Nf6 10. Bg2 Bd7 11.
O-O O-O 12. b3 Qe5 13. Rb1 Bf5 14. Bb2 Qa5 15. Ra1 Be4 16. Bxf6 Bxg2 17. Kxg2 gxf6 18. Qd4 Qe5 19. e3 c5 20. Qd3 f5 21. Rad1 a5 22.
Rfe1 a4 23. e4 f4 24. Qd2 axb3 25. axb3 fxg3 26. hxg3 Ra3 27. Re3 Rb8 28. Qc2 Rba8 29. Rd5 Qa1 30. Rg5+ Kh8 31. e5 Ra2 32. Qf5 1-0

[Event "*** Titled Tuesday Blitz"]
[Site "Chess.com"]
[Date "2021.04.20"]
[Round "7"]
[White "kuba2006"]
[Black "RamyresCoelho"]
[Result "1-0"]
[WhiteElo "2336"]
[BlackElo "2207"]
[TimeControl "180+1"]
[EndTime "11:14:47 PDT"]
[Termination "kuba2006 won by checkmate"]

1. b3 e5 2. Bb2 d6 3. e3 Ne7 4. Nf3 g6 5. d4 f6 6. dxe5 fxe5 7. Bc4 Bg7 8. O-O d5 9. Bxe5 Bxe5 10. Nxe5 Qd6 11.
Bb5+ c6 12. Qd4 cxb5 13. Nc4 bxc4 14. Qxh8+ Kd7 15. bxc4 b6 16. Nc3 Bb7 17. Rad1 Nbc6 18. Qxh7 Ne5 19. Nxd5 Ke6 20. Nf4+ Kd7 21. Rxd6+ Kxd6 22. Rd1+ Kc6 23. Qxe7 Nxc4 24. Qd7+ Kc5 25. Nd3# 1-0

[Event "*** Titled Tuesday Blitz"]
[Site "Chess.com"]
[Date "2021.04.20"]
[Round "7"]
[White "Susal_De_Silva"]
[Black "bazar-wokzal"]
[Result "1-0"]
[WhiteElo "2594"]
[BlackElo "2694"]
[TimeControl "180+1"]
[EndTime "11:14:48 PDT"]
[Termination "Susal_De_Silva won by resignation"]

1. e4 Nc6 2. d4 d5 3. Nc3 Nf6 4. e5 Nd7 5. Nf3 Nb6 6. g3 Bg4 7.
Bg2 e6 8. Ne2 f6 9. exf6 gxf6 10. h3 Bh5 11. Nf4 Bf7 12. O-O Qd7 13. a4 a5 14. Bd2 Bd6 15. Nd3 O-O-O 16. Nc5 Bxc5 17. dxc5 Nc4 18. Bc3 d4 19. Be1 Qe7 20. b3 N4e5 21. Nxe5 Nxe5 22. c6 Nxc6 23. Bxc6 bxc6 24. Bxa5 e5 25.
Qd2 Bd5 26. Rfe1 Rdg8 27. Qxd4 h5 28. c4 Be6 29. Qa7 Kd8 30. Qb8+ Bc8 31. Rad1+ Ke8 32. Qxc8+ Kf7 33. Qxc7 1-0

[Event "*** Titled Tuesday Blitz"]
[Site "Chess.com"]
[Date "2021.04.20"]
[Round "7"]
[White "gagtemp"]
[Black "2008king"]
[Result "0-1"]
[WhiteElo "1949"]
[BlackElo "2128"]
[TimeControl "180+1"]
[EndTime "11:14:48 PDT"]
[Termination "2008king won on time"]

1. e4 e5 2. Nf3 Nc6 3. Bc4 Bc5 4. O-O Nf6 5. d3 d6 6. a4 Bg4 7. h3 Bh5 8. Nbd2 a5 9. g4 Bg6 10. Qe2 h5 11. g5 Nh7 12. h4 Qd7 13. Nh2 Qh3 14.
Ndf3 O-O-O 15. Be3 Nd4 16. Bxd4 exd4 17. Qd2 Bb6 18. b4 axb4 19. a5 Bc5 20. a6 b6 21.
Bd5 Kd7 22. a7 c6 23. Bb3 f6 24. Qf4 Rhf8 25. gxf6 Rxf6 0-1

[Event "*** Titled Tuesday Blitz"]
[Site "Chess.com"]
[Date "2021.04.20"]
[Round "7"]
[White "Vandros57"]
[Black "DFeco"]
[Result "1/2-1/2"]
[WhiteElo "2184"]
[BlackElo "2303"]
[TimeControl "180+1"]
[EndTime "11:14:50 PDT"]
[Termination "Game drawn by agreement"]

1. d4 d5 2. Nf3 Nf6 3. e3 c5 4. c3 Nc6 5. Bd3 c4 6. Bc2 Bg4 7. Nbd2 e6 8. h3 Bh5 9. O-O Bd6 10. e4 Bc7 11. exd5 exd5 12. Re1+ Ne7 13. Qe2 Bd6 14. b3 b5 15. a4 a6 16. Ba3 Bxa3 17. Rxa3 Bg6 18. Bxg6 hxg6 19. axb5 a5 20. bxc4 dxc4 21. Nxc4 Ra7 22. b6 Rb7 23. Nxa5 Rxb6 24. Nc4 Rb7 25. Ra8 Qxa8 26. Nd6+ Kf8 27. Nxb7 Qxb7 28. c4 Rh5 29. d5 Qc7 30. Nd4 Nfxd5 31. cxd5 Rxd5 32. Nf3 Rd6 33. Qe5 Qd7 34. Qe2 Re6 35. Qd1 Qxd1 36.
Rxd1 Nf5 1/2-1/2

[Event "*** Titled Tuesday Blitz"]
[Site "Chess.com"]
[Date "2021.04.20"]
[Round "7"]
[White "zubridis"]
[Black "olksuna"]
[Result "1-0"]
[WhiteElo "2545"]
[BlackElo "2646"]
[TimeControl "180+1"]
[EndTime "11:14:53 PDT"]
[Termination "zubridis won by resignation"]

1. e4 e6 2. d4 d5 3. Nd2 Nf6 4. e5 Nfd7 5. c3 c5 6. f4 b6 7.
Bb5 Ba6 8. a4 Be7 9. Ne2 O-O 10.
O-O f5 11. Kh1 Rf7 12. Rg1 Nf8 13. Nf3 Bxb5 14. axb5 Qe8 15. c4 cxd4 16. cxd5 exd5 17. Nfxd4 Bc5 18. Nc3 Bxd4 19. Qxd4 Rd7 20. Nxd5 Ne6 21.
Qc4 Kh8 22. Nxb6 Rd4 23. Qc2 Nd7 24. Nxa8 Qxa8 25. Qxf5 Ndf8 26. Be3 Rb4 27. Rxa7 Qe8 28. b6 Rxb2 29. b7 Qe7 30. b8=Q 1-0

[Event "*** Titled Tuesday Blitz"]
[Site "Chess.com"]
[Date "2021.04.20"]
[Round "7"]
[White "djano"]
[Black "AndreyNeves"]
[Result "1-0"]
[WhiteElo "2474"]
[BlackElo "2269"]
[TimeControl "180+1"]
[EndTime "11:14:54 PDT"]
[Termination "djano won by resignation"]

1. e4 e5 2. Nf3 Nc6 3. d4 exd4 4. Nxd4 Nf6 5. Nxc6 bxc6 6. e5 Qe7 7. Qe2 Nd5 8. h4 h5 9. c4 Nb6 10. Nc3 d6 11. Bf4 f6 12. exf6 Qxe2+ 13. Bxe2 gxf6 14. O-O-O Bf5 15. c5 Nd5 16. Nxd5 cxd5 17. cxd6 cxd6 18. Bd3 Rc8+ 19. Kb1 Bxd3+ 20. Rxd3 Rc5 21. Rhd1 Rg8 22. g3 Kd7 23. Rxd5 Rxd5 24. Rxd5 Ke6 25. Rxh5 Bg7 26. Ra5 Ra8 27. Ra6 Bf8 28. Be3 Ke5 29. Rxa7 Rb8 30. a4 d5 31. Bf4+ 1-0

[Event "*** Titled Tuesday Blitz"]
[Site "Chess.com"]
[Date "2021.04.20"]
[Round "7"]
[White "vugarrasulov"]
[Black "Korchmar_Vasiliy"]
[Result "1-0"]
[WhiteElo "2844"]
[BlackElo "2651"]
[TimeControl "180+1"]
[EndTime "11:15:06 PDT"]
[Termination "vugarrasulov won on time"]

1. d4 Nf6 2. c4 c6 3. Nf3 d5 4. Nc3 a6 5. cxd5 cxd5 6. Bf4 Nc6 7. e3 e6 8. Bd3 Be7 9. O-O O-O 10.
h3 b5 11. Rc1 Bb7 12. a4 b4 13. Nb1 Ne4 14. Nbd2 f5 15. Ne5 Nxe5 16. Bxe5 Nxd2 17. Qxd2 Bd6 18. Bxd6 Qxd6 19. Rc5 a5 20. f4 Ba6 21. Rfc1 Bxd3 22. Qxd3 Rf7 23. Qb5 g5 24. Rc6 Qe7 25.
Rc8+ Rxc8 26. Rxc8+ Rf8 27. Rxf8+ Kxf8 28. Qxa5 gxf4 29.
exf4 Kg7 30. Qc5 1-0

[Event "*** Titled Tuesday Blitz"]
[Site "Chess.com"]
[Date "2021.04.20"]
[Round "7"]
[White "BanjoKazooieN64"]
[Black "ZAbdumalik"]
[Result "0-1"]
[WhiteElo "2438"]
[BlackElo "2625"]
[TimeControl "180+1"]
[EndTime "11:15:06 PDT"]
[Termination "ZAbdumalik won by resignation"]

1. e4 e5 2. Nf3 Nc6 3. Bc4 Nf6 4. Ng5 d5 5. exd5 Na5 6. Bb5+ c6 7. dxc6 bxc6 8.
Qf3 Qb6 9. Bd3 h6 10. Ne4 Be7 11. O-O O-O 12. Nxf6+ Bxf6 13. Nc3 Nb7 14. Re1 Nc5 15. Bf5 Bb7 16. d3 Qc7 17. Ne4 Nxe4 18. Bxe4 Qd6 19. Qf5 g6 20. Qh3 h5 21. Qg3 Bg7 22.
Bf3 f5 23. Bg5 Rae8 24. Qh4 Bc8 25. c3 Be6 26. Rad1 Rb8 27. b3 Rf7 28. c4 c5 29.
Bc1 Re8 30. Qg3 Kh7 31. Bb2 f4 32. Qh4 Bf6 33. Bxe5 Bxe5 34. Bxh5 Bf6 35. Bxg6+ Kxg6 36. Rxe6 Qxe6 37. Qxf4 Qe1+ 0-1